[Event "Team 45 45 League T29"]
[Site "Internet Chess Club"]
[Date "2006.01.26"]
[Round "5"]
[White "Rainbird"]
[Black "GolferBob"]
[Result "1-0"]
[WhiteElo "1666"]
[BlackElo "1717"]
[TimeControl "2700+45"]

1. d4 Nf6 2. c4 e6 3. Nc3 Bb4 4. e3 O-O 5. Ne2 d5 6. a3 Be7 7. cxd5 exd5 8. Ng3
c6 9. Bd3 Bg4 10. f3 Bc8 11. Qc2 Nbd7 12. O-O Re8 13. e4 dxe4 14. fxe4 Nf8 15.
Qf2 Ng6 16. e5 Ng4 17. Qxf7+ Kh8 18. Nh5 Rg8 19. Bc4 b5 20. Qxg8+ Qxg8 21. Bxg8
Kxg8 22. h3 Nh6 23. Bxh6 gxh6 24. Nf6+ Kg7 25. Nce4 Be6 26. Rac1 Bc4 27. Rf2 Rd8
28. Nd6 Bd5 29. Nxd5 cxd5 30. Rc7 {Black resigns} 1-0  aics%

[Event "Team 45 45 League T29"]
[Site "Internet Chess Club"]
[Date "2006.01.20"]
[Round "5"]
[White "Bowlomeat"]
[Black "clarinetref"]
[Result "0-1"]
[WhiteElo "1519"]
[BlackElo "1534"]
[TimeControl "2700+45"]

1. e4 c5 2. Nf3 Nc6 3. d4 cxd4 4. Nxd4 g6 5. Nc3 Bg7 6. Be3 Nf6 7. Bc4 O-O 8.
Bb3 Qa5 9. f3 Qb6 10. Nf5 Qc7 11. Nxg7 Kxg7 12. Qd2 Kg8 13. Nd5 Nxd5 14. exd5
Na5 15. O-O Nxb3 16. axb3 d6 17. Bh6 Re8 18. Qd4 Qc5 19. Be3 Qxd4 20. Bxd4 Bf5
21. Rf2 a6 22. g4 Bd7 23. h4 e5 24. dxe6 Bxe6 25. Bf6 Rec8 26. b4 Rc4 27. c3
Rac8 28. Rg2 Rf4 29. Rg3 Rxf6 30. Kg2 Rc4 31. Rh1 Kf8 32. g5 Rff4 33. h5 Rh4 34.
hxg6 Rxh1 35. Kxh1 fxg6 36. Kg2 d5 37. Kf2 d4 38. f4 dxc3 39. bxc3 Rxf4+ 40. Ke3
Rf5 41. Rg2 Kg7 42. Re2 Rxg5 43. Kf4 Rf5+ 44. Kg3 Bd5 45. Re7+ Kh6 46. c4 Bxc4
47. Rxb7 Rb5 48. Ra7 Rxb4 {White resigns} 0-1  aics%

[Event "Team 45 45 League T29"]
[Site "Internet Chess Club"]
[Date "2006.01.19"]
[Round "5"]
[White "Just-Jim"]
[Black "one-over"]
[Result "0-1"]
[WhiteElo "1504"]
[BlackElo "1460"]
[TimeControl "2700+45"]

1. Nc3 d5 2. d4 Nf6 3. Bf4 e6 4. Nb5 Bd6 5. Bxd6 cxd6 6. Nf3 a6 7. Nc3 O-O 8. e3
Qa5 9. a3 Ne4 10. b4 Qc7 11. Nxe4 dxe4 12. Nd2 d5 13. Be2 Nd7 14. c4 dxc4 15.
Nxe4 b5 16. O-O Bb7 17. Ng3 Nf6 18. Bf3 Rad8 19. Bxb7 Qxb7 20. Ra2 e5 21. Rd2 c3
22. Rd3 exd4 23. exd4 Nd5 24. Ne4 Nf4 25. Nc5 Qxg2# {White checkmated} 0-1

[Event "Team 45 45 League T29"]
[Site "Internet Chess Club"]
[Date "2006.01.21"]
[Round "5"]
[White "Sir-Knightly"]
[Black "syy89"]
[Result "1-0"]
[WhiteElo "2194"]
[BlackElo "2105"]
[TimeControl "2700+45"]

1. d4 Nf6 2. c4 g6 3. Nc3 Bg7 4. e4 d6 5. Nf3 O-O 6. Be2 e5 7. O-O Nc6 8. d5 Ne7
9. b4 Nh5 10. Re1 f5 11. Ng5 Nf6 12. f3 Nh5 13. c5 h6 14. Ne6 Bxe6 15. dxe6 dxc5
16. Qxd8 Raxd8 17. bxc5 Nf4 18. Bf1 Kh7 19. Rb1 Nxe6 20. Rxb7 Rb8 21. Rxa7 Nc6
22. Ra6 Ncd4 23. c6 Rfd8 24. Bc4 Ra8 25. Rxa8 Rxa8 26. Rd1 Nd8 27. Nd5 N8xc6 28.
Nxc7 Ra4 29. Bd5 Nb4 30. Rd2 Bf8 31. Ne6 Be7 32. Nxd4 Bc5 33. Bb3 Ra7 34. Kf1
Bxd4 35. Ke2 Bc3 36. Rd8 Nc6 37. Bg8+ Kg7 38. Rc8 Nd4+ 39. Kd3 Bb4 40. Bd5 Bd6
41. Bb2 Nb5 42. exf5 gxf5 43. f4 Re7 44. a4 Nc7 45. fxe5 Bc5 46. Kc4 Bb6 47. Bc3
{Black resigns} 1-0  aics%

[Event "Team 45 45 League T29"]
[Site "Internet Chess Club"]
[Date "2006.01.19"]
[Round "5"]
[White "Nelsi"]
[Black "Bort"]
[Result "1-0"]
[WhiteElo "2173"]
[BlackElo "1995"]
[TimeControl "2700+45"]

1. e4 e6 2. Qe2 c5 3. f4 Nc6 4. Nf3 Be7 5. g3 d5 6. d3 Nf6 7. Bg2 b5 8. O-O Bb7
9. Nbd2 O-O 10. b3 dxe4 11. Nxe4 Nxe4 12. dxe4 Qc7 13. Bb2 Rad8 14. Qxb5 Nb4 15.
Qe2 c4 16. c3 Bc5+ 17. Kh1 Nd3 18. Ne1 Nxb2 19. Qxb2 Be3 20. Qe2 Qb6 21. Rf3 Bd2
22. Qxc4 Ba6 23. Qb4 Qc6 24. e5 Be2 25. Rf2 Qa6 26. Bb7 Bxc3 27. Bxa6 Bxb4 28.
Rxe2 {Black resigns} 1-0  aics%

[Event "Team 45 45 League T29"]
[Site "Internet Chess Club"]
[Date "2006.01.24"]
[Round "5"]
[White "forketta"]
[Black "elnik"]
[Result "1-0"]
[WhiteElo "1912"]
[BlackElo "1970"]
[TimeControl "2700+45"]

1. d4 Nf6 2. c4 g6 3. Nc3 Bg7 4. e4 d6 5. Nf3 O-O 6. Be2 e5 7. O-O Nc6 8. d5 Ne7
9. b4 Nh5 10. Re1 Nf4 11. Bf1 f5 12. Bxf4 exf4 13. e5 dxe5 14. Nxe5 Re8 15. c5
Nxd5 16. Qxd5+ Qxd5 17. Nxd5 c6 18. Nc7 Rxe5 19. Nxa8 Re4 20. Rxe4 {Black
resigns} 1-0  aics%

[Event "Team 45 45 League T29"]
[Site "Internet Chess Club"]
[Date "2006.01.22"]
[Round "5"]
[White "alexcolins"]
[Black "JudokaUsa"]
[Result "0-1"]
[WhiteElo "1704"]
[BlackElo "1897"]
[TimeControl "2700+45"]

1. d4 d5 2. Nf3 Nf6 3. e3 e6 4. Bd3 c5 5. b3 Bd6 6. Bb2 Nc6 7. O-O O-O 8. Nbd2
b6 9. a3 Qc7 10. dxc5 bxc5 11. Bxf6 gxf6 12. g3 Ne7 13. Nh4 Ng6 14. Qh5 Kg7 15.
Rfe1 f5 16. Nhf3 f6 17. c4 Ne5 18. Nxe5 fxe5 19. cxd5 exd5 20. Rac1 Qf7 21. Qh4
e4 22. Be2 Qf6 23. Qxf6+ Rxf6 24. f4 a5 25. Bb5 Rb8 26. a4 Be7 27. Kg2 Ba6 28.
Bxa6 Rxa6 29. h4 h5 30. Kf2 Rab6 31. Ke2 Kf6 32. Red1 Ke6 33. Rc3 Bd6 34. Rb1
Rg8 35. Kf2 Rb7 36. Rc2 Rbg7 37. Rg1 Be7 38. Rcc1 Rb8 39. Rgd1 d4 40. exd4 cxd4
41. Rc6+ Kd7 42. Rc4 e3+ 43. Kf3 exd2 44. Rxd4+ Ke8 45. R1xd2 Rxb3+ 46. R2d3
Rxd3+ 47. Rxd3 Bb4 48. Rd5 Rf7 49. Ke2 Ke7 50. Kd3 Ke6 51. Re5+ Kf6 52. Kc4 Rc7+
53. Kd4 Bc3+ 54. Kd5 Bxe5 55. fxe5+ Ke7 56. Kd4 Ke6 {White resigns} 0-1  aics%

[Event "Team 45 45 League T29"]
[Site "Internet Chess Club"]
[Date "2006.01.23"]
[Round "5"]
[White "onslaught"]
[Black "Gregorio"]
[Result "0-1"]
[WhiteElo "2162"]
[BlackElo "2145"]
[TimeControl "2700+45"]

1. e4 e5 2. Nf3 Nc6 3. Bb5 a6 4. Ba4 Nf6 5. O-O d6 6. c3 b5 7. Bb3 Na5 8. Bc2 c5
9. d4 cxd4 10. cxd4 Nc6 11. dxe5 dxe5 12. Qxd8+ Kxd8 13. Bg5 h6 14. Bh4 Bc5 15.
Bxf6+ gxf6 16. Nc3 Bg4 17. Bb3 Bxf3 18. gxf3 Nd4 19. Bxf7 Nxf3+ 20. Kg2 Ra7 21.
Bd5 Nd4 22. f4 Nc2 23. f5 Rg7+ 24. Kh3 Nxa1 25. Rxa1 Bd4 26. Rc1 Rc7 {White
resigns} 0-1  aics%

[Event "Team 45 45 League T29"]
[Site "Internet Chess Club"]
[Date "2006.01.20"]
[Round "5"]
[White "nightflier"]
[Black "fledermaus"]
[Result "1-0"]
[WhiteElo "1962"]
[BlackElo "2014"]
[TimeControl "2700+45"]

1. d4 Nf6 2. c4 e6 3. Nf3 d5 4. Nc3 Be7 5. Bf4 O-O 6. e3 c5 7. dxc5 Bxc5 8. Qc2
Qa5 9. a3 Ne4 10. Nd2 Nxd2 11. Qxd2 dxc4 12. Bxc4 Rd8 13. Qe2 Bd6 14. Bxd6 Rxd6
15. O-O Nc6 16. Rfd1 Rxd1+ 17. Rxd1 a6 18. Ne4 b5 19. Bd3 Ra7 20. Qc2 Rc7 21.
Nd6 Ne7 22. Bxh7+ Kf8 23. Qe4 Rd7 24. Qe5 Qd8 25. Be4 Nd5 26. Nxc8 Qxc8 27. h3
Nf6 28. Rxd7 Nxd7 29. Qd6+ Kg8 30. b4 Nf6 31. Qc6 Qd8 32. Qa8 Qxa8 33. Bxa8 Ne8
34. Bb7 Nc7 35. f4 f6 36. Kf2 Kf7 37. Kf3 Ke7 38. h4 Kd6 39. g4 e5 40. Ke4 exf4
41. exf4 Ne8 42. Kf5 Ke7 43. Kg6 Nd6 44. Bxa6 Kf8 45. h5 Kg8 46. h6 gxh6 47.
Kxh6 Kf7 48. Kh7 Kf8 49. Bxb5 Nxb5 50. a4 Nd6 51. b5 Ke7 52. b6 {Black resigns}
1-0  aics%

[Event "Team 45 45 League T29"]
[Site "Internet Chess Club"]
[Date "2006.01.21"]
[Round "5"]
[White "Chief-Justice"]
[Black "room-matt"]
[Result "1-0"]
[WhiteElo "1825"]
[BlackElo "1864"]
[TimeControl "2700+45"]

1. e4 e5 2. Nf3 Nc6 3. Bb5 Bc5 4. O-O Nd4 5. Bc4 d6 6. c3 Nxf3+ 7. Qxf3 Nf6 8.
h3 c6 9. d3 b5 10. Bb3 O-O 11. Bg5 Be6 12. Bc2 a5 13. Nd2 a4 14. Rfe1 Rb8 15. a3
h6 16. Bh4 g5 17. d4 Bb6 18. Bg3 exd4 19. e5 dxc3 20. bxc3 dxe5 21. Bxe5 Qxd2
22. Qxf6 Qxf2+ 23. Qxf2 Bxf2+ 24. Kxf2 Rbd8 25. Rad1 Rxd1 26. Rxd1 Re8 27. Bf6
Bd5 28. Bf5 Kf8 29. g3 Be6 30. Bxe6 fxe6 31. Rd8 Rxd8 32. Bxd8 Ke8 33. Bb6 Kd7
34. Ke3 Kd6 35. Kd4 e5+ 36. Ke4 c5 37. Ba5 h5 38. g4 h4 39. Bd8 b4 40. cxb4 cxb4
41. axb4 a3 42. Bf6 {Black resigns} 1-0  aics%

[Event "Team 45 45 League T29"]
[Site "Internet Chess Club"]
[Date "2006.01.23"]
[Round "5"]
[White "six-killer"]
[Black "Thorin"]
[Result "1/2-1/2"]
[WhiteElo "1746"]
[BlackElo "1869"]
[TimeControl "2700+45"]

1. e4 c5 2. Nf3 d6 3. d4 cxd4 4. Qxd4 a6 5. c4 Nc6 6. Qd2 Bg4 7. Be2 Nf6 8. Nc3
e6 9. h3 Bh5 10. O-O Rc8 11. b3 Be7 12. Bb2 O-O 13. Rfd1 Bxf3 14. Bxf3 Ne5 15.
Be2 Qc7 16. Qe3 Rfd8 17. Rac1 Qb8 18. Kh1 Ng6 19. f4 e5 20. fxe5 dxe5 21. Nd5
Nxd5 22. exd5 Bc5 23. Qe4 Qd6 24. Bg4 Rc7 25. Bf5 Re7 26. Ra1 Nf8 27. Re1 Rde8
28. a3 Bd4 29. Qc2 g6 30. Bxd4 exd4 31. Rxe7 Rxe7 32. Be4 Qf4 33. Bf3 Nd7 34. c5
Ne5 35. Qe4 Qxe4 36. Bxe4 f5 37. d6 Rd7 38. Bd5+ Kg7 39. Rd1 d3 40. Kg1 Kf6 41.
Kf2 f4 42. Be4 g5 43. Bxd3 h5 44. Be4 g4 45. hxg4 hxg4 46. g3 f3 47. Rh1 Kg5 48.
Rh7 Rxh7 49. Bxh7 Kf6 50. Be4 a5 51. b4 axb4 52. axb4 Ke6 53. Ke3 b6 54. Kd4
bxc5+ 55. bxc5 f2 56. Bg2 Nf3+ 57. Ke3 Ne5 58. Kxf2 Nd3+ 59. Ke3 Nxc5 60. Kf4
Kxd6 61. Kxg4 Ke6 62. Kh5 Kf6 63. g4 Nd7 64. Kh6 Ne5 {Game drawn by mutual
agreement} 1/2-1/2  aics%

[Event "Team 45 45 League T29"]
[Site "Internet Chess Club"]
[Date "2006.01.20"]
[Round "5"]
[White "nightly"]
[Black "DavidBarnsley"]
[Result "0-1"]
[WhiteElo "1889"]
[BlackElo "2001"]
[TimeControl "2700+45"]

1. c4 e5 2. g3 Nc6 3. Bg2 f5 4. Nc3 Nf6 5. d3 Bb4 6. Bd2 O-O 7. Nf3 d6 8. O-O a5
9. Rc1 Kh8 10. Nd5 Nxd5 11. cxd5 Bxd2 12. Qxd2 Nb4 13. e4 fxe4 14. dxe4 Nxa2 15.
Rc4 Nb4 16. Ng5 c5 17. f4 h6 18. Ne6 Bxe6 19. dxe6 Nc6 20. f5 Nd4 21. Bf3 b5 22.
Rc3 b4 23. Re3 a4 24. Bh5 Qg5 25. e7 Qxe7 26. g4 a3 27. bxa3 Rxa3 28. Rxa3 bxa3
29. Qa5 Qb7 30. Qxa3 Qxe4 31. Qa6 Nf3+ 32. Kf2 Ra8 33. Rb1 Nd4 34. Qb7 Ra2+ 35.
Kg3 Nxf5+ 36. Kh3 Qe3+ {White resigns} 0-1  aics%

[Event "Team 45 45 League T29"]
[Site "Internet Chess Club"]
[Date "2006.01.22"]
[Round "5"]
[White "buzzard"]
[Black "Rlopez"]
[Result "1-0"]
[WhiteElo "1708"]
[BlackElo "1813"]
[TimeControl "2700+45"]

1. e4 c5 2. Nf3 Nc6 3. b4 Nxb4 4. c3 Nc6 5. Bc4 e6 6. O-O Nge7 7. d4 d5 8. exd5
exd5 9. Bb5 Qb6 10. Bxc6+ bxc6 11. dxc5 Qc7 12. Nd4 g6 13. Re1 a5 14. Bg5 h6 15.
Bf6 Rg8 16. Qe2 Ra7 17. Na3 Ba6 18. Qe3 Qc8 19. Rab1 Rd7 20. Rb6 Bb7 21. Nab5
cxb5 22. Nxb5 Qa8 23. Rd6 Qc8 24. Rxd7 Qxd7 25. Nd6+ Kd8 26. Nxf7+ Kc7 27. Bxe7
Bxe7 28. Qxe7 Qxe7 29. Rxe7+ Kb8 30. Nxh6 Rc8 31. Nf7 Rxc5 32. Nd6 Bc6 33. h4
Rxc3 34. Rg7 Rc1+ 35. Kh2 Rc2 36. Rxg6 Rxf2 37. h5 Rf8 38. h6 d4 39. h7 Bd5 40.
Rf6 Rh8 41. Rf5 Rxh7+ 42. Kg3 Rg7+ 43. Kf4 Bxg2 44. Rb5+ Ka7 45. Nc8+ Ka8 46.
Rxa5+ Kb7 47. Ra7+ Kxc8 48. Rxg7 Bd5 49. a3 d3 50. Ke3 Bc4 51. Kd2 Kb8 52. Kc3
Ba6 53. a4 Ka8 54. a5 Kb8 55. Kb4 Ka8 56. Kc5 d2 57. Kb6 Bc8 58. Rg8 Kb8 59. Rd8
d1=Q 60. Rxd1 {Black resigns} 1-0  aics%

[Event "Team 45 45 League T29"]
[Site "Internet Chess Club"]
[Date "2006.01.23"]
[Round "5"]
[White "hondocando"]
[Black "Chessnut"]
[Result "0-1"]
[WhiteElo "1716"]
[BlackElo "1817"]
[TimeControl "2700+45"]

1. e4 e5 2. Nf3 Nc6 3. Bb5 a6 4. Bxc6 dxc6 5. h3 Bc5 6. d3 Ne7 7. Nbd2 f6 8. O-O
O-O 9. Re1 Be6 10. Nf1 Qd6 11. Be3 Rad8 12. Bxc5 Qxc5 13. Qe2 Ng6 14. Rec1 Nf4
15. Qd2 Rd7 16. Kh2 Rfd8 17. Qe3 Qb5 18. b3 c5 19. h4 b6 20. g3 Nxd3 21. cxd3
Rxd3 22. Qe2 Bg4 23. N1d2 Rxf3 24. Qxb5 Rxf2+ 25. Kg1 axb5 26. Kxf2 Rxd2+ 27.
Kf1 Bf3 28. a4 Bxe4 29. a5 bxa5 30. Rxa5 c6 31. Rxc5 Rd3 32. Kf2 Rxb3 33. Ra7 h5
34. Rc1 Rf3+ 35. Ke1 Rxg3 36. Rd1 Bd5 37. Rda1 Rg4 38. Kf2 Rxh4 39. Rg1 Rg4 40.
Rxg4 hxg4 41. Kg3 f5 42. Kh4 g6 43. Kg5 Be4 44. Kxg6 f4+ 45. Kg5 g3 46. Kg4 g2
47. Ra1 c5 48. Kh3 b4 49. Kh2 c4 50. Re1 b3 51. Rxe4 b2 {White resigns} 0-1

[Event "Team 45 45 League T29"]
[Site "Internet Chess Club"]
[Date "2006.01.21"]
[Round "5"]
[White "MrShaw"]
[Black "David-Carioca"]
[Result "1-0"]
[WhiteElo "1757"]
[BlackElo "1718"]
[TimeControl "2700+45"]

1. e4 e6 2. d4 d5 3. Nd2 dxe4 4. Nxe4 Nd7 5. Nf3 Ngf6 6. Bg5 Be7 7. Bd3 b6 8.
Qe2 Bb7 9. O-O-O Bd5 10. c4 Bb7 11. Kb1 O-O 12. h4 c5 13. dxc5 Nxe4 14. Bxe4
Bxe4+ 15. Qxe4 bxc5 16. Qc6 Bxg5 17. hxg5 Qb6 18. Qxd7 Rab8 19. b3 a5 20. Ne5
Rb7 21. Qd3 g6 22. Nd7 {Black resigns} 1-0  aics%

[Event "Team 45 45 League T29"]
[Site "Internet Chess Club"]
[Date "2006.01.24"]
[Round "5"]
[White "DTK"]
[Black "six-killer"]
[Result "1-0"]
[WhiteElo "2161"]
[BlackElo "1743"]
[TimeControl "2700+45"]

1. e4 c5 2. Nf3 d6 3. c3 Nf6 4. Bd3 Nc6 5. Bc2 Bg4 6. d3 g6 7. Nbd2 Bg7 8. h3
Bd7 9. O-O O-O 10. Re1 e5 11. Nc4 Qc7 12. Ne3 Ne7 13. d4 cxd4 14. cxd4 Rac8 15.
d5 Bh6 16. Bd3 a6 17. Bd2 b5 18. Rc1 Qb7 19. Qb3 Rxc1 20. Rxc1 Rc8 21. Rxc8+
Nxc8 22. a4 Qb6 23. Qc2 Qc5 24. Qxc5 dxc5 25. Nxe5 Be8 26. axb5 axb5 27. b3 Nd6
28. f3 Bf4 29. Nc6 Bxc6 30. dxc6 Nfe8 31. Kf2 c4 32. bxc4 bxc4 33. Nxc4 Bxd2 34.
Nxd2 f6 35. Ba6 Nc7 36. Bd3 Kf7 37. Nb3 Nc8 38. Nd4 Ke7 39. Ke3 Kd6 40. Nb5+
Nxb5 41. Bxb5 Na7 42. Ba4 Nxc6 43. Bxc6 Kxc6 44. Kf4 Kd6 45. h4 Ke6 46. g4 h6
47. Ke3 g5 48. hxg5 hxg5 49. f4 Kd6 50. fxg5 fxg5 51. Kd4 Ke6 52. e5 Ke7 53. Kd5
Kd7 54. e6+ Ke7 55. Ke5 Ke8 56. Kf6 Kf8 57. Kxg5 {Black resigns} 1-0  aics%

[Event "Team 45 45 League T29"]
[Site "Internet Chess Club"]
[Date "2006.01.21"]
[Round "5"]
[White "RD1974"]
[Black "tourettes"]
[Result "0-1"]
[WhiteElo "1627"]
[BlackElo "1824"]
[TimeControl "2700+45"]

1. e4 c5 2. Nc3 d6 3. g3 Nc6 4. Bg2 Nf6 5. d3 e6 6. f4 Be7 7. Nf3 O-O 8. O-O Rb8
9. h3 b5 10. g4 b4 11. Ne2 a5 12. e5 dxe5 13. fxe5 Nd5 14. Qe1 Bb7 15. Nf4 Nxf4
16. Bxf4 Nd4 17. Qd2 Nxf3+ 18. Bxf3 Qd4+ 19. Be3 Qxb2 20. Rfb1 Qa3 21. Bxb7 Rxb7
22. Qg2 Rc7 23. g5 g6 24. h4 Qc3 25. Qh2 Rd8 26. Rf1 Bf8 27. Rac1 Bg7 28. Rf6
Qb2 29. h5 Rd5 30. hxg6 fxg6 31. Rxe6 Rxe5 32. Rxe5 Qxe5 33. Bf4 Qd4+ 34. Kg2
Re7 35. Kh3 Be5 36. Bxe5 Qxe5 37. Rg1 Qxh2+ 38. Kxh2 Re2+ 39. Rg2 Re5 40. Kh3
Kf7 41. Kg4 Kg7 42. Rf2 h5+ 43. Kh4 c4 44. dxc4 Re4+ 45. Kh3 Rxc4 46. Rd2 Rg4
47. Rd7+ Kf8 48. Rd5 a4 49. Rb5 Rc4 50. Ra5 a3 51. Ra8+ Ke7 52. Ra7+ Ke6 53.
Ra6+ Kf5 54. Ra5+ Kf4 55. Rb5 Rxc2 56. Rxb4+ Kxg5 57. Rb5+ Kh6 58. Rb3 Rxa2 59.
Kg3 Ra1 60. Rb8 Rg1+ 61. Kf4 a2 {White resigns} 0-1  aics%

[Event "Team 45 45 League T29"]
[Site "Internet Chess Club"]
[Date "2006.01.22"]
[Round "5"]
[White "Rainbird"]
[Black "sophia101"]
[Result "1-0"]
[WhiteElo "1646"]
[BlackElo "1686"]
[TimeControl "2700+45"]

1. d4 Nf6 2. c4 c5 3. d5 b5 4. cxb5 a6 5. b6 Qxb6 6. Nc3 g6 7. e4 d6 8. Nf3 Bg7
9. h3 O-O 10. Be2 a5 11. O-O Ba6 12. Re1 Bxe2 13. Qxe2 Nfd7 14. Bg5 f6 15. Bf4
Na6 16. a3 Nc7 17. Rab1 Rfb8 18. Nd2 Ne5 19. Be3 Na6 20. f4 Nd7 21. Bf2 Qc7 22.
Bg3 Re8 23. Nc4 Nb6 24. Nxa5 Qd7 25. Nc6 Nc7 26. Rbd1 e6 27. Qg4 f5 28. exf5
exf5 29. Qf3 Nc4 30. Ne4 Rxe4 31. Rxe4 fxe4 32. Qxe4 Bd4+ 33. Nxd4 cxd4 34. Qxd4
Na5 35. Qc3 Nb7 36. Qc6 Qxc6 37. dxc6 Nc5 38. Rxd6 Ne4 39. Rd7 Nxg3 40. Rxc7
Ne2+ 41. Kf2 Nxf4 42. b4 Rxa3 43. Rc8+ Kg7 44. Rb8 Rc3 45. b5 Nd5 46. Rb7+ Kh6
47. Rd7 Nf6 48. Rd8 Ne4+ 49. Ke2 Rc1 50. b6 Rxc6 51. b7 Rb6 52. b8=Q Rxb8 53.
Rxb8 Kg5 54. Rb5+ Kf6 55. Kf3 Ng5+ 56. Kg4 Ne4 57. Rb6+ Kg7 58. Kf4 Nf6 59. Rd6
Nh5+ 60. Kg5 Ng3 61. Rd7+ Kg8 62. Kf4 Nh5+ 63. Kf3 Nf6 64. Ra7 Nh5 65. g4 Nf6
66. Kf4 Ne8 67. Ke5 h6 68. Ra8 Kf7 69. Rxe8 Kxe8 70. Kf6 h5 71. g5 {Black
resigns} 1-0  aics%

[Event "Team 45 45 League T29"]
[Site "Internet Chess Club"]
[Date "2006.01.24"]
[Round "5"]
[White "Zillmer"]
[Black "Ozgur-Bjk"]
[Result "1/2-1/2"]
[WhiteElo "2089"]
[BlackElo "2128"]
[TimeControl "2700+45"]

1. e4 c5 2. Nc3 Nc6 3. f4 e6 4. Nf3 d5 5. Bb5 Qc7 6. exd5 exd5 7. Nxd5 Qd6 8.
Nc3 Bg4 9. O-O O-O-O 10. Bxc6 Qxc6 11. h3 Be6 12. d3 g6 13. Ng5 Bg7 14. Nxe6
Qxe6 15. Qf3 Bd4+ 16. Kh1 Ne7 17. Nb5 a6 18. Nxd4 cxd4 19. Bd2 Qb6 20. c4 h5 21.
b4 Nf5 22. a4 Qc6 23. Qxc6+ bxc6 24. Rfe1 Rhe8 25. Kg1 h4 26. Rxe8 Rxe8 27. Re1
Rf8 28. Kf2 f6 29. Kf3 Kd7 30. Re4 Rb8 31. Be1 Kd6 32. Bf2 Rxb4 33. Bxd4 Rb3 34.
Bxf6 Rxd3+ 35. Kf2 Rd2+ 36. Kf3 Rd3+ 37. Kf2 Rd2+ {Game drawn by mutual
agreement} 1/2-1/2  aics%

[Event "Team 45 45 League T29"]
[Site "Internet Chess Club"]
[Date "2006.01.22"]
[Round "5"]
[White "Sergio56"]
[Black "adingod"]
[Result "0-1"]
[WhiteElo "1894"]
[BlackElo "2039"]
[TimeControl "2700+45"]

1. f4 Nf6 2. Nf3 c5 3. e3 Nc6 4. Bb5 g6 5. O-O Bg7 6. Bxc6 bxc6 7. d3 d5 8. Qe1
Ba6 9. Nc3 Nd7 10. e4 d4 11. Ne2 O-O 12. Qh4 e5 13. Qxd8 Raxd8 14. b3 f5 15.
exf5 e4 16. Nd2 exd3 {White resigns} 0-1  aics%

[Event "Team 45 45 League T29"]
[Site "Internet Chess Club"]
[Date "2006.01.19"]
[Round "5"]
[White "Div-anand"]
[Black "alastorx"]
[Result "1-0"]
[WhiteElo "1941"]
[BlackElo "1780"]
[TimeControl "2700+45"]

1. Nf3 e6 2. g3 Nf6 3. Bg2 d5 4. d4 c5 5. c3 Nc6 6. O-O Be7 7. Re1 O-O 8. Nbd2
Ne4 9. Nxe4 dxe4 10. Ne5 f5 11. Nxc6 bxc6 12. Qa4 Qb6 13. Bf4 Qb5 14. Qc2 Rd8
15. Red1 Ba6 16. Bf1 Qb6 17. dxc5 Bxc5 18. e3 Bxf1 19. Kxf1 Qb7 20. b4 Be7 21.
Qb3 Rd5 22. c4 Rd7 23. Rxd7 Qxd7 24. Rd1 Qe8 25. c5 Kf7 26. Be5 Rd8 27. Ke2 Rxd1
28. Qxd1 Qd8 29. Qxd8 Bxd8 30. Kd2 Bf6 31. Bxf6 Kxf6 32. Kc3 e5 33. a4 Ke6 34.
Kc4 a6 35. b5 cxb5+ 36. axb5 axb5+ 37. Kxb5 Kd7 38. Kb6 Kc8 39. Kc6 g6 40. h3 h6
41. h4 f4 42. Kd6 Kb7 43. Kd7 {Black resigns} 1-0  aics%

[Event "Team 45 45 League T29"]
[Site "Internet Chess Club"]
[Date "2006.01.21"]
[Round "5"]
[White "DeLaSalle"]
[Black "bobhill"]
[Result "0-1"]
[WhiteElo "1997"]
[BlackElo "2085"]
[TimeControl "2700+45"]

1. d4 d5 2. Nf3 Nf6 3. e3 Bg4 4. c4 e6 5. Qb3 Qc8 6. Nc3 c6 7. Bd2 Nbd7 8. Rc1
dxc4 9. Bxc4 Nb6 10. Be2 Be7 11. h3 Bf5 12. Nh4 Bg6 13. Nxg6 hxg6 14. Bf3 Qd7
15. Ne4 Nxe4 16. Bxe4 g5 17. g3 Rd8 18. Bb4 Bxb4+ 19. Qxb4 Nd5 20. Qc5 Qe7 21.
Kf1 Nf6 22. Bb1 Ng4 23. Qxe7+ Kxe7 24. Kg2 Nf6 25. h4 gxh4 26. Rxh4 Rxh4 27.
gxh4 Nd5 28. a3 f5 29. e4 fxe4 30. Bxe4 Nf6 31. Kf3 Rxd4 32. Bxc6 bxc6 33. Rxc6
Nd5 34. Ra6 Rxh4 35. Rxa7+ Kf6 36. b4 g5 37. b5 Rf4+ 38. Kg3 Nc3 39. b6 Ne4+ 40.
Kg2 Rxf2+ 41. Kg1 Rb2 42. Ra4 Kf5 43. Ra6 Kf4 44. a4 Kg3 45. Kf1 Kf3 46. Ke1
Rb1# {White checkmated} 0-1  aics%

[Event "Team 45 45 League T29"]
[Site "Internet Chess Club"]
[Date "2006.01.24"]
[Round "5"]
[White "Beetlejuice"]
[Black "Zornorph"]
[Result "1/2-1/2"]
[WhiteElo "1796"]
[BlackElo "1957"]
[TimeControl "2700+45"]

1. d4 d5 2. Nf3 Nf6 3. e3 c6 4. Bd3 Bg4 5. Nbd2 Nbd7 6. h3 Bh5 7. O-O e6 8. b3
Bd6 9. Bb2 Bg6 10. Ne5 Bxd3 11. Nxd3 O-O 12. Nf3 Ne4 13. Nfe5 Nxe5 14. Nxe5 Qg5
15. c4 Rad8 16. Qe2 Rfe8 17. Rfd1 Bb8 18. Rac1 Qf5 19. Nf3 Qh5 20. Qc2 f6 21.
Nd2 Ng5 22. Nf1 Bd6 23. Re1 Rf8 24. Rcd1 Rde8 25. Rd2 Ne4 26. Rdd1 f5 27. Nd2
Ng5 28. Nf1 Ne4 29. Nd2 Bb4 30. Nxe4 fxe4 31. Bc3 Bd6 32. Qd2 Rf6 33. Rf1 Rg6
34. Kh1 Qg5 35. f4 exf3 36. Rxf3 Rf8 37. Rdf1 Rgf6 38. Qe2 Qg6 39. Rxf6 Rxf6 40.
Rxf6 Qxf6 41. Be1 Qf5 42. g4 Qb1 43. Kg2 Ba3 44. Kf3 Qe4+ 45. Kf2 Be7 46. Kg1
Bg5 47. Bf2 Qb1+ 48. Kg2 Qe4+ 49. Kg1 Qb1+ 50. Kg2 Be7 51. Be1 Ba3 52. Kf2 Bd6
53. Kg2 Be7 54. Bf2 Ba3 55. Be1 Bb2 56. Kf2 h6 57. Kg2 a6 58. Kf2 e5 59. dxe5
Bxe5 60. cxd5 cxd5 61. Kg2 Qe4+ 62. Kg1 Kh8 63. Bf2 d4 64. Qd2 d3 65. Be1 Bf6
66. Bf2 Qd5 67. Kh2 Qd8 68. Be1 Qc7+ 69. Kg2 Qc2 70. Kf3 Bh4 71. Qxc2 dxc2 72.
Bd2 Bf6 73. Bc1 h5 74. Ke2 hxg4 75. hxg4 Kg8 76. Kd3 Kf7 77. Kxc2 Ke6 78. Kd3
Be5 79. Ke4 g6 80. Ba3 Bf6 81. Bc5 Bg5 82. Bd4 Bh6 83. Be5 Bg5 84. Kd4 Bxe3+ 85.
Ke4 Bc1 86. Bd4 Ba3 87. Be3 Bf8 88. Bd4 Bd6 89. Bc3 Bf8 90. Bd4 Bh6 91. Bb2 Bg5
92. Bc3 Kd6 93. Bb4+ Ke6 94. Bc5 Bc1 95. Bd4 b5 96. Bc3 Bg5 97. Bd4 Bh6 98. Bc3
Bg5 99. Bd4 Bd2 100. Bb2 Be1 101. Bd4 b4 102. Bb2 Bg3 103. Bg7 Be1 104. Bd4 Kd6
105. Bg7 Ke6 106. Bd4 Kd6 107. Bg7 Ke6 108. Bd4 {Game drawn by repetition}
1/2-1/2

[Event "Team 45 45 League T29"]
[Site "Internet Chess Club"]
[Date "2006.01.19"]
[Round "5"]
[White "Pilgrim"]
[Black "Boromir"]
[Result "0-1"]
[WhiteElo "1516"]
[BlackElo "1878"]
[TimeControl "2700+45"]

1. e4 c6 2. d4 d5 3. Nc3 dxe4 4. Nxe4 Nd7 5. Bg5 h6 6. Nd6+ exd6 7. Bxd8 Kxd8 8.
Bd3 Nb6 9. Ne2 Nf6 10. Ng3 Be6 11. O-O Kd7 12. b3 d5 13. Bf5 Bd6 14. Bxe6+ fxe6
15. Nh5 Raf8 16. Qe2 Nxh5 17. Qxh5 Rf6 18. c3 g6 19. Qh3 Rf5 20. Rae1 Re8 21. g4
Rf4 22. f3 h5 23. gxh5 gxh5 24. Qxh5 Re7 25. Re2 a5 26. Rff2 Nc8 27. Rg2 Ref7
28. Re3 Ne7 29. Kf2 R4f6 30. Ke1 Bc7 31. Rge2 Rf8 32. Qh3 Nf5 33. Rd3 Rh6 34.
Qg4 Bxh2 35. Qg5 Bd6 36. Kd2 Rhf6 37. Re5 R8f7 38. f4 Rh6 39. Rxf5 Rxf5 40. Qg7+
Kc8 41. Qxh6 Bxf4+ 42. Qxf4 Rxf4 43. Ke2 Rh4 44. a4 Rh2+ 45. Kf3 Rh3+ 46. Ke2
Rxd3 47. Kxd3 Kc7 48. c4 b6 49. cxd5 exd5 50. Kc3 Kd6 51. b4 Ke6 52. bxa5 bxa5
53. Kd3 Kf5 54. Ke3 Kg4 55. Ke2 Kf4 56. Kd2 Ke4 {White resigns} 0-1  aics% 
Theodulf(345): Boromir gets the save :-)  Good fight, Pilgrim :-) aics%

[Event "Team 45 45 League T29"]
[Site "Internet Chess Club"]
[Date "2006.01.22"]
[Round "5"]
[White "Mikey29a"]
[Black "tammany"]
[Result "1/2-1/2"]
[WhiteElo "1621"]
[BlackElo "1588"]
[TimeControl "2700+45"]

1. e4 c5 2. Nf3 g6 3. d4 cxd4 4. Nxd4 Bg7 5. Nc3 Nc6 6. Be3 Nf6 7. Qd2 Ng4 8.
Nxc6 bxc6 9. Bd4 e5 10. Bc5 Rb8 11. h3 Nf6 12. Qd6 Nxe4 13. Qxb8 Nxc5 14. b4 e4
15. O-O-O Bxc3 16. bxc5 O-O 17. Qb3 Qg5+ 18. Kb1 Qxc5 19. Bc4 Qe5 20. Rhf1 d5
21. Bxd5 Be6 22. Bxe6 Rb8 23. Rd8+ Rxd8 24. Bxf7+ Kg7 25. Qa4 Rb8+ 26. Bb3 Ba1
27. Qxa7+ Kh6 28. Qe3+ g5 29. c3 Bxc3 30. h4 c5 31. Qxg5+ Qxg5 32. hxg5+ Kxg5
33. Kc2 Bd4 34. f3 exf3 35. Rxf3 h5 36. Kd3 Rb4 37. Rg3+ Kf4 38. Rf3+ Kg5 39.
Rg3+ Kh6 40. Rg8 h4 41. Be6 Rb6 42. Bb3 Bg7 43. Re8 Rg6 44. Re2 Rg3+ 45. Kc4 Bd4
46. Rc2 Kg5 47. a4 Kf4 48. a5 Rg6 49. Kb5 Kg3 50. a6 Rf6 51. a7 Rf8 52. Bd5 c4
53. a8=Q Rxa8 54. Bxa8 c3 55. Kc4 Bg7 56. Bd5 h3 57. Rxc3+ Bxc3 58. gxh3 Kxh3
{Game drawn because neither player has mating material} 1/2-1/2  aics%